 Dungeon Crawl Stone Soup version 0.29.1-15-g9cfb28693d (webtiles) character file.

Game seed: 4459121363262197242

4288 leafyfresh the Covert (level 10, -4/73 HPs)
             Began as an Octopode Delver on Mar 4, 2023.
             Was an Initiate of Ashenzari.
             Blown up by Maurice (18 damage)
             ... with a mindburst bolt
             ... on level 8 of the Dungeon.
             The game lasted 00:19:11 (11673 turns).

leafyfresh the Covert (Octopode Delver)            Turns: 11673, Time: 00:19:12

Health: -4/73      AC:  1    Str: 13    XL:     10   Next: 32%
Magic:  16/17      EV: 17    Int: 20    God:    Ashenzari [......]
Gold:   0          SH:  0    Dex: 15    Spells: 11/19 levels left

rFire   . . .      SeeInvis .   w - +4 short sword (speed)
rCold   + . .      Faith    .   (no shield)
rNeg    + . .      Spirit   .   (helmet currently unavailable)
rPois   +          Reflect  .   h - amulet of the acrobat
rElec   .          Harm     .   g - ring of protection from cold
rCorr   .          Rampage  .   l - +6 ring of intelligence
Will    .....                   s - ring of positive energy
Stlth   ++++++....              A - ring of poison resistance
HPRegen 0.22/turn               (no ring)
MPRegen 0.15/turn               (no ring)
                                (no ring)
                                (no ring)

@: appendages, wereblooded
A: tentacle spike 3, almost no armour, amphibious, 8 rings, camouflage 1,
gelatinous body 1, (nimble swimmer 1), tentacles
a: End Transformation, Renounce Religion


You were on level 8 of the Dungeon.
You worshipped Ashenzari.
Ashenzari was noncommittal.
One of your tentacles had grown a beastly spike.
You visited 2 branches of the dungeon, and saw 10 of its levels.

You collected 270 gold pieces.
You spent 270 gold pieces at shops.

Inventory:

Hand Weapons
 a - a +0 short sword
 w - a +4 short sword of speed (weapon)
Missiles
 H - a throwing net (quivered)
Armour
 I - +0 acid dragon scales
Jewellery
 g - a ring of protection from cold (left tentacle)
 h - an amulet of the acrobat (around mantle)
 l - a +6 ring of intelligence (right tentacle)
 s - a ring of positive energy (on tentacle)
 A - a ring of poison resistance (on tentacle)
Wands
 f - a wand of digging (3)
 x - a wand of polymorph (6)
 D - a wand of flame (18)
 K - a wand of mindburst (12)
Scrolls
 c - 2 scrolls of magic mapping
 d - a scroll of fear
 j - 14 scrolls of identify
 k - a scroll of silence
 n - 2 scrolls of teleportation {unknown}
 o - 2 scrolls of poison {unknown}
 q - a scroll of summoning {unknown}
 t - 2 scrolls of noise {unknown}
 v - 2 scrolls of immolation {unknown}
 y - a scroll of enchant weapon {unknown}
 G - a scroll of acquirement {unknown}
 J - a scroll of blinking {unknown}
 L - a scroll of amnesia {unknown}
Potions
 e - a potion of haste
 i - 5 potions of curing
 m - a potion of flight {unknown}
 p - 2 potions of heal wounds {unknown}
 r - 2 potions of mutation {unknown}
 u - 4 potions of cancellation {unknown}
 z - a potion of berserk rage {unknown}
 B - 2 potions of brilliance {unknown}
 C - 2 potions of might {unknown}
 E - 3 potions of degeneration {unknown}


   Skills:
 - Level 8.6 Fighting
 - Level 2.0 Short Blades
 - Level 8.2 Dodging
 - Level 10.4 Stealth
 + Level 1.1 Unarmed Combat
 - Level 5.1 Spellcasting
 + Level 4.4 Transmutations


You had 11 spell levels left.
You knew the following spells:

 Your Spells              Type           Power      Damage    Failure   Level
a - Wereblood             Tmut           23%        N/A       2%          2
b - Passwall              Tmut/Erth      11%        N/A       7%          2
c - Beastly Appendage     Tmut           46%        N/A       1%          1
d - Spider Form           Tmut/Pois      14%        N/A       14%         3

Your spell library contained the following spells:

 Spells                   Type           Power      Damage    Failure   Level
 Sandblast                Erth           10%        2d5       12%         1
 Poisonous Vapours        Pois/Air       10%        N/A       17%         2
 Sublimation of Blood     Necr           5%         N/A       17%         2
 Gell's Gravitas          Tloc           5%         N/A       34%         3
 Stone Arrow              Conj/Erth      10%        3d7       34%         3
 Teleport Other           Tloc           5%         N/A       34%         3
 Corpse Rot               Necr/Pois/Air  5%         N/A       75%         4
 Dispersal                Tloc           2%         N/A       100%        6
 Summon Hydra             Summ           2%         N/A       100%        7


Dungeon Overview and Level Annotations

Branches:
Dungeon (9/15)             Temple (1/1) D:7            Lair (0/5) D:9
    Orc: D:9-12

Altars:
Ashenzari
Cheibriados
Dithmenos
Elyvilon
Okawaru
Qazlal
Ru
Sif Muna
Trog
Uskayaw
Wu Jian
Xom
Yredelemnul
The Shining One

Shops:
D:1 **[   D:4 (   D:5 (

Annotations:
D:8 Joseph, Maurice


Innate Abilities, Weirdness & Mutations

One of your tentacles has grown a beastly spike.
You cannot wear most types of armour.
You are amphibious.
You can wear up to eight rings at the same time.
Your skin changes colour to match your surroundings (Stealth+).
Your rubbery body absorbs attacks. (AC +1, EV +1)
((You are camouflaged when in or above water. (Stealth+)))
You have tentacles for arms and can constrict up to eight enemies at once.


Message History

Unknown command.
You barely miss the sky beast.
Your tentacle spike misses the sky beast.
The sky beast is heavily wounded.
You hear some strange, mumbled words.
The sky beast hits you. The sky beast shocks you.
Unknown command.
You barely miss the sky beast.
Your tentacle spike misses the sky beast.
You squeeze the sky beast!
The sky beast is almost dead.
Unknown command.
You puncture the sky beast!
You feel a bit better.
You kill the sky beast!
Something hits you. Something steals your staff of air!
Your Unarmed Combat skill increases to level 1!
Unknown command.
You hit something.
Your tentacle spike misses something.
Something hits you!
Something steals 247 gold pieces!
You now have 0 gold pieces.
Unknown command.
You hit something but do no damage.
Your tentacle spike misses something.
Unknown command.
You closely miss something.
Your tentacle spike misses something.
Your squeeze misses something.
You hear some strange, mumbled words.
Unknown command.
Something completely misses you.
You miss something. You squeeze something. You hit something.
You squeeze something. Something hits you.
Something mutters, "Now where did you hide it?"
You barely miss something.
Your tentacle spike misses something.
Your squeeze misses something. Something hits you!
* * * LOW HITPOINT WARNING * * *
Something grunts, "Curses!"
You hit something.
Your tentacle spike misses something.
You tentacle-slap something. You squeeze something! You closely miss something.
You squeeze something!
You hear a zap.
Your mind is blasted!
You die...

#...##....# ##.
#......[# ##.. #....#
... ####....# .#
#....#### # #.####
#######§#####
............#######
######.####<..>.@.######
#.# #######..†...# #.#
######.... #.# . #.# #.#
######.###
.........#####
###...........


There were no monsters in sight!

Vanquished Creatures
  Sigmund (D:4)
  A wyvern (D:9)
  Eustachio (D:5)
  An acid dragon (D:8)
  A water moccasin (D:4)
  A sky beast (D:8)
  2 orc warriors
  2 ice beasts
  3 black bears (D:4)
  2 ogres
  3 centaurs
  5 kobold brigands
  A phantom (D:7)
  4 scorpions
  2 necrophages
  15 wights
  A killer bee (D:9)
  An electric eel (D:6)
  4 jellies
  4 orc priests
  2 hounds (D:6)
  3 iguanas
  6 orc wizards
  6 gnolls
  9 adders
  A white imp (D:5)
  An ufetubus (D:5)
  3 worms
  2 dart slugs
  29 orcs
  19 endoplasms
  A giant cockroach (D:3)
  9 goblins
  9 hobgoblins
  10 jackals
  41 kobolds
  6 quokkas
  10 ball pythons
  9 bats
  3 frilled lizards (D:2)
  5 rats
239 creatures vanquished.

Vanquished Creatures (others)
  4 fungi (D:3)
  4 plants (D:1)
  7 toadstools (D:3)
15 creatures vanquished.

Grand Total: 254 creatures vanquished

Notes
Turn   | Place    | Note
-------+----------+-------------------------------------------
     0 | D:5      | leafyfresh the Octopode Delver began the quest for the Orb.
     0 | D:5      | Reached XP level 1. HP: 16/16 MP: 1/1
    72 | D:4      | Reached XP level 2. HP: 11/21 MP: 2/2
   353 | D:4      | Noticed a black bear
   585 | D:3      | Found a large runed translucent door.
   586 | D:3      | Found a large runed translucent door.
   608 | D:3      | Reached skill level 7 in Stealth
   609 | D:3      | Reached XP level 3. HP: 25/26 MP: 3/3
   883 | D:3      | Reached XP level 4. HP: 32/33 MP: 4/4
  1716 | D:3      | Found a basalt altar of Yredelemnul.
  1718 | D:3      | Noticed a profane servitor
  1728 | D:3      | Found a glowing golden altar of the Shining One.
  1730 | D:3      | Noticed an angel
  1795 | D:3      | Reached XP level 5. HP: 37/37 MP: 5/5
  1937 | D:3      | Found a shimmering altar of Xom.
  2353 | D:1      | Found Higharrowk's Antique Armour Emporium.
  2376 | D:1      | Learned a level 2 spell: Wereblood
  2424 | D:1      | Found a faded altar of an unknown god.
  2501 | D:1      | Found Soydanar's Assorted Antiques.
  2509 | D:1      | Bought a blackened pearl ring for 140 gold pieces
  3069 | D:1      | Found Paenk's Assorted Antiques.
  3573 | D:2      | Reached skill level 8 in Stealth
  4207 | D:3      | Learned a level 2 spell: Passwall
  4235 | D:4      | Reached XP level 6. HP: 44/44 MP: 6/6
  4321 | D:4      | Noticed a water moccasin
  4327 | D:4      | Killed a water moccasin
  4328 | D:4      | Reached skill level 5 in Fighting
  4335 | D:4      | Reached XP level 7. HP: 37/50 MP: 7/7
  4533 | D:4      | Found Riemau's Antique Weapon Boutique.
  4618 | D:4      | Reached skill level 9 in Stealth
  5237 | D:4      | Reached skill level 5 in Dodging
  5467 | D:4      | Noticed Sigmund
  5587 | D:4      | Killed Sigmund
  5588 | D:4      | Reached skill level 10 in Stealth
  5588 | D:4      | Reached XP level 8. HP: 42/57 MP: 8/8
  6254 | D:5      | Found a white marble altar of Elyvilon.
  6325 | D:5      | Found a hide-covered altar of Uskayaw.
  6536 | D:5      | Found an iron altar of Okawaru.
  6541 | D:5      | Found Xusau's Weapon Emporium.
  6733 | D:5      | Noticed Eustachio
  6744 | D:5      | Killed Eustachio
  6745 | D:5      | Reached skill level 1 in Spellcasting
  6996 | D:3      | Found a snail-covered altar of Cheibriados.
  7008 | D:3      | Found an ornate altar of the Wu Jian Council.
  7284 | D:1      | Bought a glowing agate ring for 130 gold pieces
  7989 | D:6      | Reached XP level 9. HP: 58/64 MP: 12/12
 10104 | D:7      | Found a staircase to the Ecumenical Temple.
 10130 | D:7      | Reached XP level 10. HP: 56/72 MP: 17/17
 10139 | Temple   | Entered the Ecumenical Temple
 10225 | Temple   | Became a worshipper of Ashenzari the Shackled
 10271 | D:7      | Learned a level 1 spell: Beastly Appendage
 10271 | D:7      | Found a bloodstained altar of Trog.
 10387 | D:7      | Reached skill level 5 in Spellcasting
 10519 | D:7      | Reached skill level 1 in Transmutations
 10696 | D:7      | Learned a level 3 spell: Spider Form
 10970 | D:8      | Noticed Joseph
 10990 | D:8      | Noticed Maurice
 11283 | D:9      | Noticed a manticore
 11286 | D:9      | Noticed a centaur warrior
 11287 | D:9      | Noticed a harpy
 11288 | D:9      | Noticed a centaur warrior
 11294 | D:9      | a harpy changed into a komodo dragon
 11307 | D:9      | Found a staircase to the Lair.
 11664 | D:8      | Reached skill level 1 in Unarmed Combat
 11673 | D:8      | Blown up by Maurice

Illustrated notes

Levels and vault maps discovered:
D:1:      kennysheep_arrival_forest, layout_basic,
          shapermc_ecumenical_altar_mp_ritualfount, serial_shops, shop,
          shop_coins, nicolae_shop_behind_doors, serial_bayou_lagoon_b
D:2:      minmay_skewed_foursquare, layout_basic
D:3:      cheibrodos_fertilizer, layout_basic, grunt_temple_overflow_holy_war,
          jmf_multi_god_temple2, mainiacjoe_overflow_alcove_2
D:4:      cheibrodos_thug_alley, layout_loops_corners, serial_shops, shop,
          kennysheep_generic_room_14, uniq_sigmund
D:5:      layout_gridville, mainiacjoe_overflow_alcove_1,
          nicolae_elyvilon_peaceful_grove,
          mainiacjoe_overflow_concentric_impassable, serial_shops,
          nicolae_shop_crystal, uniq_eustachio
D:6:      layout_loops_ring, nicolae_lava_and_water
D:7:      layout_basic, trog_hazing_becter, minmay_temple_entry_trees
D:8:      layout_rooms, uniq_erica, uniq_joseph, uniq_maurice
D:9:      minmay_the_grid_octo_tiled_squarecenter
          [minmay_the_grid_octo_odd_swirl, minmay_the_grid_octo_concentric,
          minmay_the_grid_octo_77, minmay_the_grid_octo_pinwheel,
          minmay_the_grid_square_5x5_megaprize_checkered,
          minmay_the_grid_square_5x5_misaligned,
          minmay_the_grid_square_5x5_six_small,
          minmay_the_grid_square_5x5_forky, minmay_the_grid_square_5x5_comb],
          layout_gridville, overflow_temple_1_default, dpeg_oklobed_lair,
          minmay_misc_feat_columns, uniq_psyche
Temple:   compressed_dpeg_circular_temple

Skill      XL: |  1  2  3  4  5  6  7  8  9 10 |
---------------+-------------------------------+-----
Stealth        | 7 8 10 | 10.4
Dodging        | 3 4 5 6 8 |  8.2
Fighting       | 4 5 6 7 8 |  8.6
Spellcasting   | 2 4 5 |  5.1
Transmutations | 4 |  4.4
Unarmed Combat | 1 |  1.1
Short Blades   | |  2.0

Action                   |  1- 3 |  4- 6 |  7- 9 | 10-12 || total
-------------------------+-------+-------+-------+-------++-------
Melee: Short sword       |    38 |   182 |   300 |    86 ||   606
       Tentacles         |    14 |    43 |    72 |    30 ||   159
       Constrict         |     9 |    37 |    52 |    13 ||   111
       Punch             |     1 |     2 |     6 |     5 ||    14
       Unarmed           |       |       |       |    17 ||    17
       Kick              |       |       |       |    16 ||    16
 Cast: Wereblood         |       |       |     8 |     4 ||    12
       Beastly Appendage |       |       |       |     6 ||     6
       Spider Form       |       |       |       |     3 ||     3
Evoke: Wand              |       |       |     1 |       ||     1
  Use: Potion            |       |       |     1 |       ||     1
       Scroll            |       |       |       |     3 ||     3
 Stab: Sleeping          |     5 |    26 |    21 |     5 ||    57
       Distracted        |       |       |     1 |       ||     1
Armor: Skin              |     3 |     7 |     6 |     2 ||    18
Dodge: Dodged            |    31 |    97 |   137 |    80 ||   345
